 Dungeon Crawl Stone Soup version 0.29.0-11-gd7f09526c8 (webtiles) character file.

Game seed: 3305436007322578364

1633 concernfroge the Spear-Bearer (level 8, -11/61 HPs)
             Began as a Mummy Monk on Sept 3, 2022.
             Mangled by a yak (13 damage)
             ... on level 5 of the Dungeon.
             The game lasted 00:10:55 (4707 turns).

concernfroge the Spear-Bearer (Mummy Monk)          Turns: 4707, Time: 00:10:56

Health: -11/61     AC: 14    Str: 16    XL:     8   Next: 66%
Magic:  8/8        EV:  5    Int: 10    God:
Gold:   256        SH:  0    Dex: 14    Spells: 7/7 levels left

rFire   . . .      SeeInvis .   k - +0 trident (spect)
rCold   + . .      Faith    .   (no shield)
rNeg    + + +      Spirit   .   e - +0 plate armour
rPois   ∞          Reflect  .   h - +1 helmet
rElec   .          Harm     .   (no cloak)
rCorr   .          Rampage  .   b - +1 pair of gloves
Will    +....                   (no boots)
Stlth   ..........              (no amulet)
HPRegen 0.20/turn               i - ring of protection from fire
MPRegen 0.11/turn               (no ring)

@: studying Armour
A: cold resistance 1, negative energy resistance 3, torment resistance 2, heat
vulnerability 1, in touch with death 1, no potions
a: no special abilities


You were on level 5 of the Dungeon.
You visited 1 branch of the dungeon, and saw 5 of its levels.

You collected 256 gold pieces.

Inventory:

Hand Weapons
 k - a +0 spectral trident (weapon)
Missiles
 d - 6 poisoned darts (quivered)
 m - 4 atropa-tipped darts
Armour
 b - a +1 pair of gloves (worn)
 e - a +0 plate armour (worn)
 h - a +1 helmet (worn)
Jewellery
 i - a ring of protection from fire (left hand)
 l - an amulet of the acrobat
Wands
 q - a wand of roots (2)
Scrolls
 c - a scroll of vulnerability
 f - a scroll of magic mapping
 g - a scroll of noise
 j - 2 scrolls of immolation
 n - a scroll of teleportation {unknown}
 o - a scroll of amnesia {unknown}
 p - a scroll of poison {unknown}


   Skills:
 - Level 4.4 Fighting
 + Level 9.2 Polearms
 - Level 2.4 Dodging
 - Level 1.5 Stealth


You had 7 spell levels left.
You didn't know any spells.
Your spell library contained the following spells:

 Spells                   Type           Power      Damage    Failure   Level
 Slow                     Hex            0%         N/A       100%        1
 Confusing Touch          Hex            0%         N/A       100%        3
 Vampiric Draining        Necr           0%         2d6       100%        3


Dungeon Overview and Level Annotations

Branches:
Dungeon (5/15)
 Temple: D:4-7

Altars:
Fedhas

Annotations:
D:2 Terence


Innate Abilities, Weirdness & Mutations

You are immune to poison.
Your flesh is cold resistant. (rC+)
You are immune to negative energy. (rN+++)
You are immune to unholy pain and torment.
You are vulnerable to heat. (rF-)
You are in touch with the powers of death.
You do not drink.


Message History

Your +0 spectral trident hits the yak!
The yak gores you!
The yak gores your +0 spectral trident!
Your spectral weapon shares its damage with you!
You hit the yak.
The yak is heavily wounded.
Your +0 spectral trident barely misses the yak.
The yak gores you. x3
You are too injured to fight recklessly!
Okay, then.
Okay, then.
The yak attacks as you move away! The yak gores you!
* * * LOW HITPOINT WARNING * * *
Aiming: Fastroot
Press: ? - help, Shift-Dir - straight line, f - hound
Aim: a hound The roots erupt in riotous growth!
Roots grab the hound.
Roots grab the yak.
The grasping roots constrict the yak.
The grasping roots constrict the hound.
The hound struggles to escape constriction.
The yak barely misses you. x2
The grasping roots constrict the yak.
The grasping roots constrict the hound.
The roots release their grip on the hound.
The hound bites you but does no damage.
The yak escapes!
Aiming: Fastroot
Press: ? - help, Shift-Dir - straight line, p - hound The roots erupt in riotous growth!
Roots grab the hound.
Roots grab the yak.
The grasping roots constrict the yak!
The grasping roots constrict the hound.
The hound bites you.
* * * LOW HITPOINT WARNING * * *
The yak gores you!
* * * LOW HITPOINT WARNING * * *
The yak escapes!
The yak gores you.
* * * LOW HITPOINT WARNING * * *
As you read the scroll of butterflies, it crumbles to dust.
You hear the tinkle of a tiny bell.
The grasping roots constrict the hound.
The roots release their grip on the hound.
The hound bites you but does no damage. x2
The yak gores you but does no damage. The yak gores you!
You die...

... ..## .. ...# #.####...####
#..#...(....# ♣♣♣♣♣ #.......#....
♣♣...♣♣ #............ ♣.....♣♣
#..bbb.b..# .......♣♣ #..bYhYb..#
..._....♣ #..bY@bb..#. ........♣♣
#..bbbbb../.. .........♣
#..b.bbb.##.. .......♣.♣
#......### ♣♣...♣♣♣♣♣ ##.....##
♣♣...♣♣ #..#...##.. ♣.....♣♣♣
##.###......##..
........####............#..
..........###........#..........#


You could see 3 yaks and a hound (ally target).

Vanquished Creatures
  A yak (D:5)
  2 black bears
  2 ice beasts (D:5)
  2 ogres
  4 centaurs (D:5)
  A necrophage (D:4)
  2 scorpions
  A howler monkey (D:5)
  2 jellies
  3 orc priests
  4 iguanas
  2 orc wizards (D:5)
  5 adders
  A white imp (D:5)
  A worm (D:4)
  2 dart slugs (D:1)
  9 orcs
  2 endoplasms
  4 giant cockroaches
  2 goblins
  8 hobgoblins
  9 jackals
  9 kobolds
  2 quokkas
  5 ball pythons
  2 bats
  3 frilled lizards (D:2)
  8 rats
98 creatures vanquished.

Notes
Turn   | Place    | Note
-------+----------+-------------------------------------------
     0 | D:1      | concernfroge the Mummy Monk began the quest for the Orb.
     0 | D:1      | Reached XP level 1. HP: 18/18 MP: 1/1
   289 | D:1      | Reached XP level 2. HP: 21/24 MP: 2/2
  1079 | D:2      | Found a faded altar of an unknown god.
  1171 | D:2      | Gained mutation: You are in touch with the powers of death.
                  | [Mummy growth]
  1171 | D:2      | Reached XP level 3. HP: 28/30 MP: 3/3
  1199 | D:2      | Noticed Terence
  1670 | D:2      | Reached skill level 3 in Polearms
  1670 | D:2      | Reached XP level 4. HP: 38/38 MP: 4/4
  2860 | D:4      | Reached XP level 5. HP: 33/43 MP: 5/5
  2976 | D:4      | Reached skill level 4 in Polearms
  3204 | D:4      | Noticed a black bear
  3244 | D:4      | Killed a black bear
  3245 | D:4      | Reached skill level 5 in Polearms
  3245 | D:4      | Reached XP level 6. HP: 7/49 MP: 6/6
  3678 | D:4      | Reached skill level 6 in Polearms
  3678 | D:4      | Reached XP level 7. HP: 53/55 MP: 7/7
  3924 | D:5      | Entered Level 5 of the Dungeon
  3999 | D:5      | Reached skill level 7 in Polearms
  4131 | D:5      | Reached XP level 8. HP: 44/61 MP: 8/8
  4250 | D:5      | Reached skill level 8 in Polearms
  4633 | D:5      | Found a blossoming altar of Fedhas.
  4701 | D:5      | Reached skill level 9 in Polearms
  4706 | D:5      | HP: 1/61 [yak (3)]
  4707 | D:5      | Mangled by a yak

Illustrated notes

Levels and vault maps discovered:
D:1:      matt_arrival_diagonals, layout_loops_corners, glass_columns_a,
          minmay_misc_feat_room
D:2:      layout_basic, hellmonk_ecumenical_altar_zigzags, uniq_terence
D:3:      layout_loops_corners, grunt_ministairs_4
D:4:      kb_forest_paths, layout_rooms, mainiacjoe_overflow_alcove_1,
          minmay_temple_entry_poolview, kennysheep_doodads
D:5:      layout_cave_pools, fedhas_altar_fruit_tree, minmay_misc_feat_tiny,
          minmay_manual_mares

Skill      XL: |  1  2  3  4  5  6  7  8 |
---------------+-------------------------+-----
Fighting       | 4 |  4.4
Polearms       | 3 5 6 7 9 |  9.2
Dodging        | |  2.4
Stealth        | |  1.5

Action                   |  1- 3 |  4- 6 |  7- 9 || total
-------------------------+-------+-------+-------++-------
Melee: Spear             |   106 |       |       ||   106
       Punch             |     1 |     1 |       ||     2
       Trident           |    53 |   125 |    68 ||   246
Throw: Dart              |       |    10 |    10 ||    20
Evoke: Wand              |       |       |     2 ||     2
  Use: Scroll            |       |    13 |     2 ||    15
 Stab: Distracted        |       |       |     1 ||     1
Armor: Plate armour      |    99 |   113 |    68 ||   280
       Robe              |     2 |       |       ||     2
Dodge: Dodged            |    23 |    34 |    18 ||    75
